 Dungeon Crawl Stone Soup version 0.30.0-15-g856e2d3f33 (webtiles) character file.

Game seed: 34669764902403679

29 EnegeticOcto the Shooter (level 3, 26/31 HPs)
             Began as an Armataur Hunter on May 19, 2023.
             Quit the game on level 3 of the Dungeon.
             The game lasted 00:02:24 (346 turns).

EnegeticOcto the Shooter (Armataur Hunter)           Turns: 346, Time: 00:02:24

Health: 26/31      AC:  4    Str: 16    XL:     3   Next: 1%
Magic:  3/3        EV:  9    Int:  9    God:
Gold:   58         SH:  0    Dex: 15    Spells: 2/2 levels left

rFire   . . .        j - +4 mace of Garat {heavy, Contam rElec rCorr SInv}
rCold   . . .        (no shield)
rNeg    . . .        c - +0 leather armour
rPois   .            (no helmet)
rElec   +            (no cloak)
rCorr   +            (no gloves)
SInv    +            (no barding)
Will    .....        h - amulet of magic regeneration
Stlth   ++           (no ring)
HPRegen 0.25/turn    (no ring)
MPRegen 0.48/turn

%: roll
@: no status effects
A: large, rugged brown scales 3, deformed body, armoured tail, roll, long
tongue, awkward tongue
a: no special abilities


You were on level 3 of the Dungeon.
You visited 1 branch of the dungeon, and saw 3 of its levels.

You collected 58 gold pieces.

Inventory:

Hand Weapons
 a - a +0 shortbow
 j - the +4 mace of Garat (weapon) {heavy, Contam rElec rCorr SInv}
   (You found it on level 2 of the Dungeon)

   rElec:     It insulates you from electricity.
   SInv:      It lets you see invisible.
   Contam:    It causes magical contamination when unequipped.
   rCorr:     It protects you from acid and corrosion.
Armour
 c - a +0 leather armour (worn)
Jewellery
 h - an amulet of magic regeneration (around neck)
   (You found it on level 2 of the Dungeon)
Scrolls
 b - a scroll of immolation
 e - 2 scrolls of identify {unknown}
 f - a scroll of blinking {unknown}
 i - a scroll of enchant armour {unknown}
 k - a scroll of teleportation {unknown}
 l - a scroll of poison {unknown}
Potions
 d - 3 potions of heal wounds {unknown}
 g - 3 potions of curing {unknown}


   Skills:
 + Level 2.0 Fighting
 * Level 1.3 Maces & Flails
 - Level 3.1 Ranged Weapons
 - Level 1.3 Dodging
 - Level 1.8 Stealth


You had 2 spell levels left.
You didn't know any spells.
Your spell library contained the following spells:

 Spells                   Type           Power      Damage    Failure   Level
 Sandblast                Erth           0%         2d4       45%         1
 Passwall                 Tmut/Erth      0%         N/A       58%         2
 Stone Arrow              Conj/Erth      0%         3d7       83%         3


Dungeon Overview and Level Annotations

Branches:
Dungeon (3/15) Zot: 17625

Altars:

Shops:
D:2 (


Innate Abilities, Weirdness & Mutations

You are completely covered in rugged brown scales. (AC +3, +7% HP)
Armour fits poorly on your strangely shaped body.
You have a long armoured tail.
You roll when moving toward enemies. (Rampage)
Your long tongue fully drains potion bottles. (2x potion effects)
Your tongue gives you trouble enunciating. (1.5x scroll delay)


Message History

The ball python closely misses you. The ball python bites you.
The ball python bites you but does no damage.
You closely miss the ball python. The ball python barely misses you.
The ball python bites you but does no damage.
You sock the ball python!
You kill the ball python!
Found a stone staircase leading down.
An endoplasm comes into view.
Found a sapphire potion.
The endoplasm quivers.
You roll towards the endoplasm!
You hit the endoplasm but do no damage. The endoplasm barely misses you.
The endoplasm hits you.
You sock the endoplasm!
You kill the endoplasm!
g - 2 sapphire potions (gained 1)
(D) Dungeon
Where to? (Enter - D:2, ? - help)
There is a stone staircase leading down here.
You climb downwards.
There is a stone staircase leading up here.
A worm comes into view.
Found 5 stones.
You roll towards the worm!
You roll towards the worm!
You sock the worm!
The worm is heavily wounded.
The worm bites you.
You sock the worm!
You kill the worm!
Your Fighting skill increases to level 2!
Your Maces & Flails skill increases to level 1!
You open the door.
There is an open door here.
Found a spear.
You see here a +0 spear.
Found a sapphire potion.
HP restored.
A giant cockroach comes into view.
You roll towards the giant cockroach!
You see here a sapphire potion.
You roll towards the giant cockroach!
You hit the giant cockroach.
The giant cockroach is heavily wounded.
The giant cockroach bites you but does no damage.
The giant cockroach barely misses you.
The giant cockroach attacks as you move away!
The giant cockroach closely misses you.
You see here a sapphire potion.
You sock the giant cockroach!
You kill the giant cockroach!
No target in view!
g - 3 sapphire potions (gained 1)
You see here a giant cockroach corpse.
A goblin comes into view. It is wielding a +0 dagger.
You roll towards the goblin!
You roll towards the goblin!
You sock the goblin!
You kill the goblin!
You see here a +0 dagger.
You open the door.
A kobold comes into view. It is wielding a +0 whip.
The kobold shouts!
The kobold throws a stone.
The stone hits you but does no damage.
A jackal and a goblin come into view.
There is an open door here.
You roll towards the goblin!
You roll towards the goblin!
You roll towards the goblin!
The helpless goblin fails to defend itself.
You sock the goblin!
You kill the goblin!
The kobold throws a stone.
The stone barely misses you.
You roll towards the kobold!
You roll towards the kobold!
You barely miss the kobold. The kobold hits you with a +0 whip. x2
You closely miss the kobold. The kobold barely misses you.
The kobold hits you with a +0 whip.
You hit the kobold.
The kobold is moderately wounded.
The kobold hits you with a +0 whip. The kobold hits you but does no damage.
You sock the kobold!
You kill the kobold!
Things that are here:
a +0 whip; 3 stones The jackal barks!
A jackal comes into view.
There is an open door here.
You roll towards the jackal!
The jackal barks!
You hear a shout!
The jackal misses you. The jackal completely misses you.
You sock the jackal!
You kill the jackal!
The jackal bites you.
The jackal bites you but does no damage.
The jackal closely misses you.
You thump the jackal!
You kill the jackal!
You have reached level 3!
Your experience leads to an increase in your attributes!
Increase (s)trength, (i)ntelligence, or (d)exterity?
You feel agile. x2
Are you sure you want to abandon this character and quit the game? (Confirm with "yes".)

##################+#
...................#
).........†........#
##################.#
......#.# ....#.#
#..#.# #.@#)# #..#.#
#..#.# #..'.+ #..#.#
#..#)# #..#.# ...#.#
....#.#


There were no monsters in sight!

Vanquished Creatures
  A worm (D:3)
  A dart slug (D:1)
  2 bats (D:2)
  3 endoplasms (D:2)
  A giant cockroach (D:3)
  2 goblins (D:3)
  3 hobgoblins
  2 jackals (D:3)
  3 ball pythons
  2 kobolds
20 creatures vanquished.

Notes
Turn   | Place    | Note
-------+----------+-------------------------------------------
     0 | D:1      | EnegeticOcto the Armataur Hunter began the quest for the
                  | Orb.
     0 | D:1      | Reached XP level 1. HP: 18/18 MP: 1/1
    15 | D:1      | Reached skill level 3 in Ranged Weapons
   111 | D:2      | Reached XP level 2. HP: 25/25 MP: 2/2
   151 | D:2      | Identified the +4 mace of Garat {heavy, Contam rElec rCorr
                  | SInv}
   161 | D:2      | Found Guophac's Weapon Shop.
   287 | D:3      | Reached skill level 2 in Fighting
   287 | D:3      | Reached skill level 1 in Maces & Flails
   346 | D:3      | Reached XP level 3. HP: 26/31 MP: 3/3
   346 | D:3      | Quit the game

Illustrated notes

Levels and vault maps discovered:
D:1:      ebering_trefoil_3fold, layout_basic
D:2:      layout_loops_ring, serial_shops, nicolae_shop_crystal, shop_statue,
          nicolae_shop_bloodbath_and_beyond, grunt_decor_resistance
D:3:      layout_basic, serial_shops, nicolae_shop_back_alley_shop, uniq_robin

Skill      XL: |  1  2 |
---------------+-------+-----
Ranged Weapons | 3 |  3.1
Fighting       | 2 |  2.0
Maces & Flails | 1 |  1.3
Dodging        | |  1.3
Stealth        | |  1.8

Action                     || total
---------------------------++-------
  Melee: Mace              ||    23
   Fire: Shortbow          ||    13
   Stab: Sleeping          ||     2
 Armour: Leather armour    ||     7
  Dodge: Dodged            ||    14
